 Dungeon Crawl Stone Soup version 0.24.0-37-gcf1ca852f1 (webtiles) character file.

Game seed: 7805715596935367652, levelgen mode: deterministic

23 Peloso the Skirmisher (level 2, 27/27 HPs)
             Began as a Minotaur Fighter on Nov 25, 2019.
             Got out of the dungeon alive.
             The game lasted 00:01:46 (772 turns).

Peloso the Skirmisher (Minotaur Fighter)             Turns: 772, Time: 00:01:47

Health: 27/27      AC:  7    Str: 20    XL:     2   Next: 75%
Magic:  1/1        EV:  7    Int:  3    God:
Gold:   69         SH:  9    Dex:  9    Spells: 1/1 levels left

rFire    . . .     SeeInvis .   a - +0 long sword
rCold    . . .     Gourm    .   c - +0 shield
rNeg     . . .     Faith    .   b - +0 scale mail
rPois    .         Spirit   .   (helmet restricted)
rElec    .         Reflect  .   (no cloak)
rCorr    .         Harm     .   (no gloves)
MR       .....                  (no boots)
Stlth    ..........             (no amulet)
HPRegen  0.09/turn              (no ring)
MPRegen  0.07/turn              (no ring)

@: no status effects
A: retaliatory headbutt, horns 2, dopey 1, MP-powered wands
a: no special abilities


You escaped.
You were not hungry.

You visited 1 branch of the dungeon, and saw 1 of its levels.

You collected 69 gold pieces.

Inventory:

Hand Weapons
 a - a +0 long sword (weapon)
Armour
 b - a +0 scale mail (worn)
 c - a +0 shield (worn)
Jewellery
 h - an uncursed ring of protection from magic {unknown}
 m - an uncursed ring of magical power {unknown}
 n - a +3 ring of strength {unknown}
Scrolls
 k - a scroll of remove curse
Potions
 d - a potion of might
 e - 2 potions of curing
 l - a potion of invisibility {unknown}
Comestibles
 f - 3 rations


   Skills:
 + Level 4.1 Fighting
 + Level 3.0 Long Blades
 + Level 3.9 Armour
 + Level 0.2 Dodging
 + Level 3.8 Shields


You had one spell level left.
You didn't know any spells.
Your spell library was empty.

Dungeon Overview and Level Annotations

Branches:
Dungeon (1/15)

Altars:


Innate Abilities, Weirdness & Mutations

You reflexively headbutt those who attack you in melee.
You have a pair of horns on your head.
You are dopey. (Int -2)
You expend magic power (3 MP) to strengthen your wands.


Message History

Done exploring.
As you read the scroll labeled VOXAEH JAUCKY, it crumbles to dust.
The air around you briefly surges with heat, but it dissipates.
It was a scroll of immolation.
As you read the scroll labeled ISO HAZXANAPH, it crumbles to dust.
It is a scroll of amnesia.
You feel forgetful for a moment.
As you read the scroll labeled RIRIOTO REAL, it crumbles to dust.
You feel blessed for a moment.
It was a scroll of remove curse.
It was a potion of curing.
You feel better.
It was a potion of mutation.
You feel extremely strange.
You feel stupid.
You feel your magical essence link to the dungeon's wands.
Okay, then.
There is a stone staircase leading down here.
You see here a helmet.
There is a staircase leading out of the dungeon here.
You can't go down here!
Are you sure you want to leave the Dungeon?
This will make you lose the game!
You have escaped!

.#####
#.........###.[......'..#
.....#
#....................####
.....# #....................#
.....# ####...#'#...........#
.....######...#.####........#
.)...(..........########+####
.....##..................#
.....##..................#
.....##.##..##>#@#..##...#
..##.##.....######.......#
...#.##.##.##
##.##...######## ...#.##..###
###>....[.....> ####.##.##.##
##.##..#########
...#.##.....######......#
#.....#.##..#.#>##..##..#
......#.................#
..(...##................#


There were no monsters in sight!

Vanquished Creatures
  An ooze (D:1)
  A bat (D:1)
  A giant cockroach (D:1)
  2 goblins (D:1)
  A hobgoblin (D:1)
  3 jackals (D:1)
  A frilled lizard (D:1)
  2 kobolds (D:1)
  8 rats (D:1)
20 creatures vanquished.

Notes
Turn   | Place    | Note
-------+----------+-------------------------------------------
     0 | D:1      | Peloso the Minotaur Fighter began the quest for the Orb.
     0 | D:1      | Reached XP level 1. HP: 19/19 MP: 0/0
    48 | D:1      | Reached XP level 2. HP: 23/27 MP: 1/1
   135 | D:1      | Reached skill level 4 in Fighting
   748 | D:1      | Gained mutation: You are dopey. (Int -2) [potion of
                  | mutation]
   748 | D:1      | Gained mutation: You expend magic power (3 MP) to
                  | strengthen your wands. [potion of mutation]
   772 | D:$      | Got out of the dungeon alive.

Levels and vault maps discovered:
D:1:      onia_arrival_handbag, layout_basic

Skill      XL: |  1  2 |
---------------+-------+-----
Fighting       | 4 |  4.1
Long Blades    | 3 |  3.0
Armour         | |  3.9
Dodging        | |  0.2
Shields        | |  3.8

Action                   || total
-------------------------++-------
Melee: Long sword        ||    46
       Headbutt          ||     6
  Use: Scroll            ||     3
       Potion            ||     2
Armor: Scale mail        ||    31
Dodge: Dodged            ||    19
Block: Shield            ||    35
       Rpst.: Long sword ||     5
